 Dungeon Crawl Stone Soup version 0.20-a0-924-gfa95efa (webtiles) character file.

80962 Wendigo the Lord of Darkness (level 15, 0/137 HPs)
             Began as a Grey Draconian Ice Elementalist on Mar 27, 2017.
             Was the Champion of Kikubaaqudgha.
             Slain by a catoblepas (29 damage)
             ... on level 13 of the Dungeon.
             The game lasted 02:11:31 (26787 turns).

Wendigo the Lord of Darkness (DrIE)                Turns: 26787, Time: 02:11:32

Health: 0/137      AC: 31    Str: 13    XL:     15   Next: 25%
Magic:  16/26      EV: 17    Int: 25    God:    Kikubaaqudgha [******]
Gold:   1913       SH:  7    Dex: 16    Spells: 6/29 levels left

rFire    + + .     SeeInvis .   s - +5 demon whip of Painful Death {flame, rF+}
rCold    + . .     Gourm    .   w - +2 buckler {AC+3}
rNeg     . . .     Faith    .   (armour unavailable)
rPois    +         Spirit   .   Y - +0 hat {Int+3}
rElec    +         Reflect  .   J - +2 cloak {+Inv}
rCorr    .         Harm     .   (no gloves)
MR       ++...                  P - +2 pair of boots {Fly}
Stlth    ++........             V - amulet of Xom's Fair Game {rElec rF+ Regen+}
Regen    1.8/turn               R - ring "Napoan" {rPois rC+ Int+2 Dex+5}
MPRegen  0.2/turn               B - ring of protection from magic

@: icy armour, death channel, flying, regenerating, slow
A: walk through water, unfitting armour, unbreathing, cold-blooded, AC +14
a: Receive Corpses, Torment, Brand Weapon With Pain, Receive Necronomicon,
Renounce Religion, Evoke Invisibility, Stop Flying


You were on level 13 of the Dungeon.
You worshipped Kikubaaqudgha.
Kikubaaqudgha was exalted by your worship.
You were hungry.

You visited 4 branches of the dungeon, and saw 23 of its levels.
You visited 1 bazaar.
You also visited: Labyrinth, Bailey and Ice Cave.

You collected 2339 gold pieces.
You spent 426 gold pieces at shops.

Inventory:

Hand Weapons
 n - a +3 whip of electrocution
 s - the +5 demon whip of Painful Death (weapon) {flame, rF+}
   (You acquired it on level 12 of the Dungeon)

   It has been specially enchanted to burn those struck by it, causing extra
   injury to most foes and up to half again as much damage against particularly
   susceptible opponents.
   It protects you from fire.
Armour
 w - a +2 buckler of protection (worn)
 J - a +2 cloak of invisibility (worn)
 P - a +2 pair of boots of flying (worn)
 Y - a +0 hat of intelligence (worn)
Jewellery
 B - a ring of protection from magic (right hand)
 E - an uncursed ring of ice
 R - the ring "Napoan" (left hand) {rPois rC+ Int+2 Dex+5}
   (You found it on level 9 of the Dungeon)

   [ring of dexterity]

   It affects your intelligence (+2).
   It affects your dexterity (+5).
   It protects you from cold.
   It protects you from poison.
 V - the amulet of Xom's Fair Game (around neck) {rElec rF+ Regen+}
   (You found it in a labyrinth)

   [amulet of regeneration]

   It protects you from fire.
   It insulates you from electricity.
   It increases your rate of regeneration.
Wands
 d - a wand of disintegration (18/24)
 q - a wand of flame (25/48)
 H - a wand of random effects (32/48)
Scrolls
 e - 2 scrolls of enchant armour
 g - 13 scrolls of remove curse
 i - a scroll of amnesia
 m - 2 scrolls of recharging
 u - 3 scrolls of identify
 x - 3 scrolls of magic mapping
 A - 4 scrolls of fear
 D - 3 scrolls of fog
 I - 5 scrolls of blinking
 Q - 5 scrolls of teleportation
Potions
 c - a potion of agility
 f - 2 potions of flight {unknown}
 j - 2 potions of invisibility
 k - 4 potions of brilliance
 o - 2 potions of might
 r - 10 potions of curing
 v - 5 potions of mutation {unknown}
 z - 4 potions of haste
 C - 3 potions of ambrosia {unknown}
 F - 3 potions of lignification
 G - 3 potions of resistance {unknown}
 K - 3 potions of cancellation {unknown}
Books
 h - a book of Conjurations

   Spells                             Type                      Level
   a - Magic Dart                     Conjuration                  1
   b - Searing Ray                    Conjuration                  2
   c - Dazzling Spray                 Conjuration/Hexes            3
   d - Fulminant Prism                Conjuration/Hexes            4
   e - Force Lance                    Conjuration/Translocation    4
   f - Iskenderun's Mystic Blast      Conjuration                  4
 t - Kikubaaqudgha's Disquisition on Black Arts
   (Kikubaaqudgha gifted it to you on level 11 of the Dungeon)

   Spells                             Type                      Level
   a - Animate Dead                   Necromancy                   4
   b - Excruciating Wounds            Charms/Necromancy            5
   c - Dispel Undead                  Necromancy                   5
   d - Simulacrum                     Ice/Necromancy               6
   e - Death Channel                  Necromancy                   6
 y - a Young Poisoner's Handbook

   Spells                             Type                      Level
   a - Sting                          Conjuration/Poison           1
   b - Poisonous Vapours              Poison/Air                   2
   c - Mephitic Cloud                 Conjuration/Poison/Air       3
   d - Olgreb's Toxic Radiance        Poison                       4
   e - Venom Bolt                     Conjuration/Poison           5
 N - Kikubaaqudgha's Reference Book on Sinister Arts
   (Kikubaaqudgha gifted it to you on level 8 of the Dungeon)

   Spells                             Type                      Level
   a - Pain                           Necromancy                   1
   b - Corpse Rot                     Necromancy                   2
   c - Sublimation of Blood           Necromancy                   2
   d - Regeneration                   Charms/Necromancy            3
   e - Control Undead                 Necromancy                   4
 Z - a book of Cantrips

   Spells                             Type                      Level
   a - Confusing Touch                Hexes                        1
   b - Animate Skeleton               Necromancy                   1
   c - Summon Small Mammal            Summoning                    1
   d - Apportation                    Translocation                1
Miscellaneous
 a - a phantom mirror
Comestibles
 b - 9 bread rations
 l - 19 meat rations
 p - 38 fruits
 L - 4 chunks of flesh
 U - 4 royal jellies


   Skills:
 + Level 13.6 Fighting
 - Level 12.0 Maces & Flails
 + Level 6.7 Dodging
 - Level 1.7 Stealth
 - Level 4.0 Shields
 - Level 7.7 Spellcasting
   Level 1.0 Conjurations
 - Level 5.2 Charms
 - Level 14.4 Necromancy
 * Level 9.0 Ice Magic


You had 6 spell levels left.
You knew the following spells:

 Your Spells              Type           Power        Failure   Level  Hunger
a - Freeze                Ice            ####         1%          1    None
b - Ozocubu's Armour      Chrm/Ice       #####...     1%          3    None
c - Regeneration          Chrm/Necr      ######....   1%          3    None
d - Death Channel         Necr           ######....   2%          6    ######.
e - Animate Dead          Necr           N/A          1%          4    ##.....
f - Simulacrum            Ice/Necr       ######....   10%         6    ######.


Dungeon Overview and Level Annotations

Branches:
Dungeon (14/15)            Temple (1/1) D:6            Lair (6/6) D:11
 Shoals (0/4) Lair:2        Snake (0/4) Lair:3        Slime (0/5) Lair:5
    Orc (2/2) D:9             Elf (0/3) Orc:2        Vaults (0/5) D:13

Altars:
Ashenzari
Cheibriados
Dithmenos
Elyvilon
Fedhas
Gozag
Hepliaklqana
Kikubaaqudgha
Makhleb
Nemelex Xobeh
Okawaru
Qazlal
Ru
Sif Muna
Trog
Uskayaw
Vehumet
Wu Jian
Xom
Yredelemnul
Zin
The Shining One
Beogh
Jiyva

Shops:
D:9 [   D:11 *%[((   Orc:2 }(:?}

Portals:
Trove: D:14 (give +3 fire dragon scales)

Annotations:
D:7 exclusion: 2 downstairs
D:9 exclusions: obsidian statue and oklob plant
Orc:2 exclusion: upstairs


Innate Abilities, Weirdness & Mutations

You can walk through water.
Your dull iron-grey scales are very hard. (AC +14)
You cannot fit into any form of body armour.
You can survive without breathing.
You are cold-blooded and may be slowed by cold attacks.


Message History

* * * LOW HITPOINT WARNING * * *
The centaur wields an uncursed shortbow.
The centaur shoots an arrow.
The arrow barely misses you.
The centaur is engulfed in calcifying dust.
You see here 2 arrows.
Okay, then.
As you read the scroll of fear, it crumbles to dust.
You assume a fearsome visage.
The centaur looks frightened! x4
The catoblepas resists with almost no effort.
The centaur is engulfed in calcifying dust.
The catoblepas breathes a plume of calcifying dust at you.
The blast of calcifying dust hits you!
* * * LOW HITPOINT WARNING * * *
The centaur is engulfed in calcifying dust. x2
You hit the catoblepas but do no damage.
The catoblepas is heavily wounded.
The centaur is engulfed in calcifying dust.
The catoblepas gores you!!
You die...
Kikubaaqudgha rasps: "You have failed me!
Welcome... death!"

#............. ##########
#.............
#........#####.............
#..........................
#..................########
#.............##+###......#
#.ZZ.......(..#...........#
#Z######(...>.#...........# #.#
#..@c(.#####....)..# #####Z#
#§§§Y§....c+.......' #...ZZ#
#...§......#...#'### #.....#
#..§.......#####.... #.....#
#.§........(........ #.....#
#§.####...c.........
#.....######..#..#.............
#...).........#..#.............
###.........#####..#....>........


You could see a catoblepas and 3 centaurs.

Vanquished Creatures
  Gastronok (D:10)
  A frost giant (IceCv)
  2 orc warlords
  A minotaur (Lab)
  Harold (D:12)
  5 hydras
  A centaur warrior (D:12)
  3 ogre magi
  2 catoblepae (D:13)
  Erica (D:11)
  A tengu warrior (D:11)
  3 two-headed ogres
  6 death yaks
  Urug (D:12)
  The ghost of Malog the Geomancer, a novice FoEE of Cheibriados (Bailey)
  Nergalle (Lair:1)
  2 orc knights
  The ghost of aspa the Thaumaturge, a novice OpWz of Sif Muna (Bailey)
  An ugly thing (D:11)
  A deep elf mage (D:13)
  7 orc sorcerers (Orc:2)
  A wolf spider zombie (D:14)
  A manticore (D:13)
  18 elephants
  A cyclops (Orc:1)
  An ice statue (IceCv)
  Psyche (D:10)
  2 black mambas
  A gargoyle (D:10)
  10 spiny frogs
  4 rime drakes
  An efreet (D:13)
  5 komodo dragons
  A kobold demonologist (D:13)
  7 trolls
  4 blink frogs
  17 polar bears
  A hornet (Lair:4)
  3 hippogriffs
  A spriggan (Lair:1)
  A shadow (D:12)
  4 wyverns
  2 wraiths
  24 yaks
  Sigmund (D:6)
  2 basilisks
  A hog (D:13)
  A hungry ghost (D:9)
  6 wargs
  An acid dragon (D:12)
  14 water moccasins
  A soldier ant (D:13)
  8 hell hounds (Lair:6)
  10 porcupines
  A meliai simulacrum (D:12)
  16 orc warriors
  2 sky beasts
  2 eyes of draining
  A necrophage (D:10)
  9 black bears
  3 phantoms
  3 ice beasts
  14 ogres
  7 centaurs
  9 crocodiles
  34 wolves
  3 big kobolds
  A gnoll sergeant (D:10)
  A wyvern zombie (D:13)
  28 bullfrogs
  A water moccasin zombie (D:10)
  3 scorpions
  21 killer bees
  2 howler monkeys
  2 electric eels (D:11)
  A bullfrog zombie (D:11)
  3 crimson imps
  A wyvern simulacrum (D:12)
  A centaur zombie (D:7)
  8 hounds
  28 orc wizards
  9 orc priests
  5 jellies
  A water moccasin simulacrum (D:12)
  4 iguanas
  A bullfrog skeleton (D:12)
  2 centaur skeletons
  8 worker ants
  A killer bee zombie (D:9)
  2 centaur simulacra (D:12)
  2 bullfrog simulacra (D:12)
  2 hound zombies
  2 hound skeletons
  A worker ant zombie (D:7)
  14 adders
  11 gnolls
  6 shadow imps
  4 white imps (D:12)
  2 oozes (Lair:5)
  An adder skeleton (D:4)
  3 worms (D:2)
  A dart slug (D:1)
  4 leopard geckos
  61 orcs
  2 ball pythons
  2 giant cockroaches
  12 goblins
  11 hobgoblins
  12 jackals
  4 quokkas
  7 bats
  4 frilled lizards
  32 kobolds
  A quokka skeleton (D:5)
  10 rats
  A bush (Bazaar)
  2 fungi (D:11)
  3 plants (D:11)
654 creatures vanquished.

Vanquished Creatures (collateral kills)
  A dire elephant (Lair:1)
  Erolcha (Orc:2)
  2 hydras
  A death yak (Lair:6)
  An orc sorcerer (Orc:2)
  A manticore (D:13)
  4 elephants
  2 black mambas (Lair:6)
  13 polar bears
  9 blink frogs
  2 raiju (Lair:6)
  A dream sheep (D:13)
  3 hippogriffs (D:13)
  7 yaks
  A basilisk (Lair:3)
  A hungry ghost (D:13)
  5 wargs (Lair:6)
  5 hell hounds (Lair:6)
  A porcupine (Lair:3)
  2 water moccasins
  9 black bears
  9 wolves (Lair:6)
  An ogre (Orc:2)
  4 crocodiles
  An electric eel (Lair:2)
  A hound (D:13)
  4 orc wizards
  2 adders (Lair:3)
  2 orcs (Orc:2)
  4 kobolds (D:13)
  9 fungi
  9 plants
118 creatures vanquished.

Vanquished Creatures (others)
  2 polar bears (IceCv)
  A blink frog (Lair:2)
  4 yaks (IceCv)
  A wolf (IceCv)
  A jelly (D:12)
  A worker ant (D:4)
  An orc wizard (Orc:2)
  An adder (D:11)
  2 orcs (D:4)
  A giant cockroach (D:4)
  50 fungi
  24 plants
89 creatures vanquished.

Grand Total: 861 creatures vanquished

Notes
Turn   | Place    | Note
-------+----------+-------------------------------------------
     0 | D:1      | Wendigo the Draconian Ice Elementalist began the quest for the Orb.
     0 | D:1      | Reached XP level 1. HP: 14/14 MP: 3/3
   563 | D:1      | Reached XP level 2. HP: 18/20 MP: 1/5
  1378 | D:2      | Reached XP level 3. HP: 26/26 MP: 2/6
  1386 | D:2      | Learned a level 3 spell: Ozocubu's Armour
  2307 | D:2      | Reached skill level 1 in Fighting
  2307 | D:2      | Reached skill level 1 in Maces & Flails
  2484 | D:2      | Reached XP level 4. HP: 35/35 MP: 8/8
  2988 | D:3      | Found a glowing golden altar of the Shining One.
  3401 | D:4      | Reached XP level 5. HP: 34/41 MP: 9/9
  4105 | D:4      | Found a shimmering altar of Xom.
  4288 | D:5      | Entered Level 5 of the Dungeon
  4407 | D:5      | Noticed a sky beast
  4430 | D:5      | Killed a sky beast
  4430 | D:5      | Reached XP level 6. HP: 47/51 MP: 1/10
  5007 | D:5      | Reached skill level 5 in Maces & Flails
  5007 | D:5      | Your scales start taking on a dull iron-grey colour.
  5007 | D:5      | Reached XP level 7. HP: 23/59 MP: 11/11
  5007 | D:5      | Gained mutation: You can survive without breathing. [Grey Draconian growth]
  5166 | D:5      | Found a burning altar of Makhleb.
  5240 | D:6      | Found a staircase to the Ecumenical Temple.
  5251 | Temple   | Entered the Ecumenical Temple
  5610 | D:6      | Found an opulent altar of Gozag.
  5683 | D:6      | Found a bloodstained altar of Trog.
  5723 | D:6      | Noticed Sigmund
  5746 | D:6      | Killed Sigmund
  5746 | D:6      | Reached skill level 5 in Fighting
  5943 | D:6      | Found an opulent altar of Gozag.
  5943 | D:6      | Found an ancient bone altar of Kikubaaqudgha.
  6448 | D:6      | Became a worshipper of Kikubaaqudgha
  6535 | D:7      | Got a crude dagger
  6539 | D:7      | Identified the +11 dagger "Orb Guardian's Peril" {venom, *Noise rElec rN++ Str-5} (You found it on level 7 of the Dungeon)
  6577 | D:7      | Reached XP level 8. HP: 69/69 MP: 5/12
  6741 | D:7      | Found a white marble altar of Elyvilon.
  6909 | D:7      | Reached skill level 1 in Charms
  7338 | D:8      | Noticed a two-headed ogre
  7535 | D:8      | Reached XP level 9. HP: 69/78 MP: 13/13
  7590 | D:8      | Killed a two-headed ogre
  7590 | D:8      | Reached skill level 10 in Maces & Flails
  7601 | D:8      | Reached * piety under Kikubaaqudgha
  7601 | D:8      | Identified Kikubaaqudgha's Reference Book on Sinister Arts (Kikubaaqudgha gifted it to you on level 8 of the Dungeon)
  7601 | D:8      | Received a gift from Kikubaaqudgha
  7618 | D:8      | Learned a level 3 spell: Regeneration
  7663 | D:8      | Reached skill level 1 in Necromancy
  7871 | D:8      | Found a radiant altar of Vehumet.
  7966 | D:8      | Reached skill level 2 in Necromancy
  8108 | D:9      | Found Duwiwiho's Antique Armour Emporium.
  8123 | D:9      | Bought a pair of glowing boots for 262 gold pieces
  8153 | D:9      | Got a steaming marble ring
  8155 | D:9      | Identified the ring "Napoan" {rPois rC+ Int+2 Dex+5} (You found it on level 9 of the Dungeon)
  8246 | D:9      | Noticed an obsidian statue
  8333 | D:9      | Found a staircase to the Orcish Mines.
  8443 | D:9      | Found a blossoming altar of Fedhas.
  8456 | D:9      | Noticed an oklob plant
  8616 | D:9      | Reached skill level 3 in Necromancy
  8717 | D:9      | Reached XP level 10. HP: 66/84 MP: 1/14
  8836 | D:9      | Found a deep blue altar of Sif Muna.
  8838 | D:9      | Found an ornate altar of the Wu Jian Council.
  8993 | D:10     | Entered Level 10 of the Dungeon
  9120 | D:10     | Reached ** piety under Kikubaaqudgha
  9239 | D:10     | Found a sacrificial altar of Ru.
  9319 | D:10     | Reached skill level 4 in Necromancy
  9381 | D:10     | Noticed Psyche
  9394 | D:10     | Killed Psyche
  9474 | D:10     | Noticed a gargoyle
  9649 | Orc:1    | Entered Level 1 of the Orcish Mines
 10032 | Orc:1    | Noticed an orc knight
 10081 | D:9      | Reached skill level 5 in Necromancy
 10191 | D:10     | Killed a gargoyle
 10391 | D:10     | Noticed Gastronok
 10430 | D:10     | Killed Gastronok
 10430 | D:10     | Reached skill level 5 in Charms
 10430 | D:10     | Reached XP level 11. HP: 45/94 MP: 8/15
 10786 | D:11     | Reached skill level 6 in Necromancy
 10809 | D:11     | Noticed Erica
 10831 | D:11     | Killed Erica
 10831 | D:11     | Reached *** piety under Kikubaaqudgha
 10831 | D:11     | Identified Kikubaaqudgha's Disquisition on Black Arts (Kikubaaqudgha gifted it to you on level 11 of the Dungeon)
 10831 | D:11     | Received a gift from Kikubaaqudgha
 10977 | D:11     | Reached skill level 1 in Shields
 11150 | D:11     | Found a staircase to the Lair.
 11291 | D:11     | Found Dampakeps's Food Shoppe.
 11334 | D:11     | Found Seuxeot's Weapon Emporium.
 11338 | D:11     | Noticed a brown ugly thing
 11350 | D:11     | Killed a brown ugly thing
 11374 | D:11     | Found Jaychen's Armour Shoppe.
 11473 | D:11     | Found a flagged portal.
 11480 | Bailey   | Entered a bailey
 11484 | Bailey   | Noticed Malog's ghost (novice FoEE)
 11486 | Bailey   | Noticed an orc warlord
 11550 | Bailey   | Killed Malog's ghost
 11634 | Bailey   | Noticed an orc knight
 11634 | Bailey   | Noticed aspa's ghost (novice OpWz)
 11644 | Bailey   | Killed aspa's ghost
 11644 | Bailey   | Reached skill level 7 in Necromancy
 11653 | Bailey   | Reached **** piety under Kikubaaqudgha
 11696 | Bailey   | Killed an orc knight
 11749 | Bailey   | Found a runed gate.
 11751 | Bailey   | Found a runed gate.
 11752 | Bailey   | Found a runed gate.
 11911 | Bailey   | Killed an orc warlord
 11911 | Bailey   | Reached skill level 5 in Ice Magic
 12017 | Bailey   | Identified 2 scrolls of acquirement
 12072 | D:11     | Found Qaron's Changing Room.
 12206 | D:11     | Found Hubrol's Antique Weapon Shoppe.
 12245 | D:11     | Noticed a tengu warrior
 12316 | D:11     | Reached skill level 8 in Necromancy
 12334 | D:11     | Killed a tengu warrior
 12334 | D:11     | Reached XP level 12. HP: 102/104 MP: 9/16
 12554 | Lair:1   | Entered Level 1 of the Lair of Beasts
 12661 | Lair:1   | Noticed an eight-headed hydra
 12676 | Lair:1   | Killed an eight-headed hydra
 12804 | Lair:1   | Reached skill level 9 in Necromancy
 12813 | Lair:1   | Learned a level 6 spell: Death Channel
 13191 | Lair:1   | Noticed Nergalle
 13218 | Lair:1   | Killed Nergalle
 13671 | Lair:2   | Reached skill level 10 in Fighting
 13739 | Lair:2   | Reached skill level 10 in Necromancy
 13987 | Lair:2   | Found a labyrinth entrance.
 14031 | Lab      | Entered a labyrinth
 14455 | Lab      | Noticed a minotaur
 14468 | Lab      | Killed a minotaur
 14479 | Lab      | Identified the Compendium of Bewitchment
 14480 | Lab      | Got a crude emerald amulet
 14497 | Lair:2   | Identified the amulet of Xom's Fair Game {rElec rF+ Regen+} (You found it in a labyrinth)
 14799 | Lair:2   | Found a staircase to the Shoals.
 14835 | Lair:2   | Noticed a dire elephant
 14905 | Lair:2   | Reached skill level 11 in Necromancy
 15210 | Lair:2   | Reached ***** piety under Kikubaaqudgha
 15313 | Lair:2   | Reached XP level 13. HP: 115/115 MP: 19/19
 15423 | Lair:2   | Learned a level 4 spell: Animate Dead
 15961 | Lair:3   | Found a staircase to the Snake Pit.
 16032 | Lair:3   | Reached skill level 5 in Spellcasting
 16600 | Lair:4   | Reached skill level 12 in Necromancy
 17646 | Lair:5   | Found a runed door.
 17647 | Lair:5   | Found a viscous altar of Jiyva.
 18330 | Lair:5   | Found a staircase to the Slime Pits.
 18612 | Lair:1   | Killed a dire elephant
 18865 | Orc:2    | Entered Level 2 of the Orcish Mines
 19209 | Orc:2    | Found a staircase to the Elven Halls.
 19226 | Orc:2    | Reached ****** piety under Kikubaaqudgha
 19370 | Orc:2    | Found Xepluoc's Quality Used Wands.
 19451 | Orc:2    | Found Qyur's Antique Weapon Boutique.
 19451 | Orc:2    | Paralysed by an orc sorcerer for 3 turns
 19467 | Orc:2    | Paralysed by an orc sorcerer for 6 turns
 19497 | Orc:2    | Noticed an orc warlord
 19498 | Orc:2    | Found Plog's Gadget Shop.
 19508 | Orc:2    | Paralysed by an ogre mage for 5 turns
 19518 | Orc:2    | Reached skill level 13 in Necromancy
 19753 | Orc:2    | Killed an orc warlord
 19939 | Orc:2    | Found an ancient bone altar of Kikubaaqudgha.
 20248 | Orc:2    | Paralysed by an orc sorcerer for 3 turns
 20283 | Orc:2    | Found Fahoz's Magic Scroll Boutique.
 20293 | Orc:2    | Noticed Erolcha
 20307 | Orc:2    | Killed Erolcha
 20307 | Orc:2    | Reached XP level 14. HP: 119/126 MP: 16/23
 20374 | Orc:2    | Found a roughly hewn altar of Beogh.
 20386 | Orc:2    | Found Vitiq's Book Shop.
 20437 | Orc:2    | Bought a scroll of vulnerability for 112 gold pieces
 20437 | Orc:2    | Bought a scroll of amnesia for 52 gold pieces
 20439 | Orc:2    | Found a radiant altar of Vehumet.
 21309 | Lair:6   | Entered Level 6 of the Lair of Beasts
 21875 | Lair:6   | Reached skill level 14 in Necromancy
 22886 | Lair:6   | Learned a level 6 spell: Simulacrum
 23136 | D:12     | Found a flickering gateway to a bazaar.
 23147 | D:12     | Reached skill level 5 in Dodging
 23157 | Bazaar   | Entered a bazaar
 23157 | Bazaar   | Found Xakyg's Weapon Shop.
 23157 | Bazaar   | Found Ylerhasa's Weapon Boutique.
 23157 | Bazaar   | Found Ybuxkaan's Antique Armour Boutique.
 23157 | Bazaar   | Found Soomur's Gadget Boutique.
 23157 | Bazaar   | Found Piplas's Book Shop.
 23421 | D:12     | Noticed Urug
 23432 | D:12     | Killed Urug
 24011 | D:12     | Got an ancient demon whip
 24012 | D:12     | Identified the +5 demon whip of Painful Death {flame, rF+} (You acquired it on level 12 of the Dungeon)
 24140 | D:12     | Noticed Harold
 24161 | D:12     | Killed Harold
 24277 | D:12     | Found a stormy altar of Qazlal.
 24622 | D:13     | Found a huge runed gate.
 24637 | D:13     | Found a huge runed gate.
 24643 | D:13     | Found a huge runed gate.
 24646 | D:13     | Found a huge runed gate.
 25213 | D:13     | Found a gate to the Vaults.
 25228 | D:13     | Reached XP level 15. HP: 110/136 MP: 26/26
 25643 | D:14     | Found a frozen archway.
 25650 | IceCv    | Entered an ice cave
 26171 | IceCv    | Noticed a frost giant
 26226 | IceCv    | Killed a frost giant
 26661 | D:14     | Found a portal to a secret trove of treasure.
 26787 | D:13     | Slain by a catoblepas

Vault maps used:
D:1:      lightli_arrival_farm, minmay_pentomino_v2
D:2:      kennysheep_pointless_box
D:3:      first_bread, tso_metal_star
D:4:      xom_confusion_cloud, grunt_ministairs_12
D:5:      cheibrodos_helix_gallery, makhleb_blood_cavern_becter
D:6:      nicolae_overflow_crystal_walls, gammafunk_temple_overflow_wave,
          minmay_temple_entry_large_hall,
          nicolae_gozag_cash_rules_everything_around_me, uniq_sigmund
D:7:      kennysheep_mini_moat
D:8:      basic_altar
D:9:      minmay_statue_hallways, tgw_fedhas, minitemple, orc_0_dummy,
          serial_shops, nicolae_shop_stone
D:10:     nicolae_ru_sacrificial_ziggurat, uniq_gastronok, uniq_psyche
D:11:     due_lair_maze_entry_diamond, enter_bailey_3, serial_shops, shop,
          nicolae_shop_stone, nicolae_shop_waterfront, shop, grunt_tengu_nest,
          grunt_decor_arrowhead, nicolae_transmutations_shop, uniq_erica
D:12:     serial_shops, freezing_bzr, serial_ice, serial_ice_b, serial_ice_g,
          serial_ice_h, serial_ice_n, serial_ice_a, serial_ice_d,
          nicolae_qazlal_general_emergency, uniq_harold, uniq_urug
D:13:     lemuel_bear_cage, david_vaults_2, minivault_1
D:14:     portal_ice_cave_entry_pillars_1, nicolae_trove_entry_crossroad,
          hangedman_decor_clover_reticule
Temple:   nicolae_temple_figure_eight
Lair:1:   st_stairs_6, nicolae_quartered_pool_medium, beast_lair_carwin_6,
          uniq_nergalle
Lair:2:   mu_elephants_graveyard, elwin_shoals_entry_rocks, lab_entry_generic,
          serial_bayou_shore_a
Lair:3:   minmay_snake_entry_six_corridors
Lair:5:   slime_altar_2
Lair:6:   hangedman_lair_caniforms_friends, wormcave
Orc:2:    kennysheep_orc_mage_school, nicolae_for_you_no_charge
Lab:      labyrinth_mini_lab, nicolae_lab_flowing_pool, nicolae_lab_arrow
Bazaar:   bazaar_minmay_trees
Bailey:   bailey_axe_bossmonster_kennysheep, bailey
IceCv:    ice_cave_caverns_03

Skill      XL: |  1  2  3  4  5  6  7  8  9 10 11 12 13 14 15 |
---------------+----------------------------------------------+-----
Fighting       | 1 2 3 4 5 6 8 9 10 12 13 | 13.6
Maces & Flails | 1 2 3 5 6 9 11 12 | 12.0
Charms         | 2 5 |  5.2
Necromancy     | 3 5 8 11 13 14 | 14.4
Dodging        | 4 6 |  6.7
Shields        | 4 |  4.0
Ice Magic      | 5 8 9 |  9.0
Spellcasting   | 4 6 7 |  7.7
Stealth        | |  1.7
Conjurations   | |  1.0

Action                   |  1- 3 |  4- 6 |  7- 9 | 10-12 | 13-15 || total
-------------------------+-------+-------+-------+-------+-------++-------
Melee: Unarmed           |    17 |       |       |       |       ||    17
       Dagger            |    11 |       |       |       |       ||    11
       Tailslap          |     9 |     8 |    31 |   204 |   283 ||   535
       Whip              |    35 |   151 |   345 |  1122 |  1363 ||  3016
       Demon whip        |       |       |       |       |   406 ||   406
 Cast: Freeze            |    45 |     6 |       |       |       ||    51
       Ozocubu's Armour  |     1 |     1 |    10 |    32 |    27 ||    71
       Regeneration      |       |       |     2 |    24 |    19 ||    45
       Animate Dead      |       |       |       |       |    23 ||    23
       Death Channel     |       |       |       |       |    19 ||    19
       Simulacrum        |       |       |       |       |     2 ||     2
Invok: Receive Corpses   |       |       |       |       |     3 ||     3
Evoke: Wand              |       |       |     4 |    11 |     2 ||    17
  Use: Scroll            |       |    10 |       |    19 |     5 ||    34
       Potion            |       |       |       |     5 |     6 ||    11
 Stab: Sleeping          |     3 |     2 |     3 |     5 |     5 ||    18
       Distracted        |       |     1 |     1 |     1 |    12 ||    15
       Invisible         |       |       |       |       |     9 ||     9
  Eat: Chunk             |     6 |     8 |    13 |    23 |    44 ||    94
       Royal jelly       |       |       |       |     1 |       ||     1
       Meat ration       |       |       |       |     1 |     1 ||     2
Armor: Skin              |    21 |    43 |   123 |   293 |   526 ||  1006
Dodge: Dodged            |    59 |    85 |   175 |   461 |   756 ||  1536
Block: Buckler           |       |       |       |   176 |   388 ||   564
       Shield            |       |       |       |     5 |       ||     5
